 Dungeon Crawl Stone Soup version 0.20-a0-1089-g3fde505 (console) character file.

4304 nht the Brawler (level 10, -11/66 HPs)
             Began as a Troll Transmuter on May 2, 2017.
             Was a High Priest of Ru.
             Splashed by a lich's acid (18 damage)
             ... on level 1 of the Abyss.
             The game lasted 00:13:56 (7608 turns).

nht the Brawler (Troll Transmuter)                  Turns: 7608, Time: 00:13:57

Health: -11/66     AC:  4    Str: 29    XL:     10   Next: 11%
Magic:  10/10      EV:  9    Int:  8    God:    Ru [*****.]
Gold:   611        SH:  0    Dex:  6    Spells: 4/11 levels left

rFire    . . .     SeeInvis +     - Unarmed
rCold    . . .     Gourm    +   (no shield)
rNeg     . . .     Faith    .   b - +1 robe
rPois    +         Spirit   .   (helmet restricted)
rElec    .         Reflect  .   w - +1 cloak "Makleuro" {Str+4 Stlth+}
rCorr    .         Harm     .   (gloves unavailable)
MR       .....     Rnd*Tele +   (boots unavailable)
Stlth    +++.......             (no amulet)
Regen    0.7/turn               m - ring of wizardry
MPRegen  0.2/turn               u - ring "Jiovuntal" {+Blink rPois Dex-2 SInv Stlth+}

@: mighty, exhausted, corroded, drained
A: unfitting armour, claws 3, hooves 1, horns 1, blink, clumsy 1, [dopey 2],
fast metabolism 3, [frail 2], gourmand, regeneration 1, shaggy fur 1,
[teleportitis 2], tough skin 2, inability to use devices, [MP-powered wands],
inexperienced 1
a: Blink, Draw Out Power, Power Leap, Apocalypse, Renounce Religion


You were on level 1 of the Abyss.
You worshipped Ru.
Ru was extremely pleased with you.
You were very full.

You visited 1 branch of the dungeon, and saw 9 of its levels.
You visited the Abyss 1 time.
You also visited: Sewer.

You collected 708 gold pieces.
You spent 97 gold pieces at shops.

Inventory:

Hand Weapons
 r - the +9 mace of Classification {venom, rN+, unknown}
   (You found it on level 7 of the Dungeon)

   It poisons the flesh of those it strikes.
   It protects you from negative energy.
Missiles
 a - 5 tomahawks (quivered)
 x - 3 steel tomahawks
Armour
 b - a +1 robe (worn)
 w - the +1 cloak "Makleuro" (worn) {Str+4 Stlth+}
   (You found it on level 6 of the Dungeon)

   It affects your strength (+4).
   It makes you more stealthy.
Jewellery
 h - an uncursed ring of fire
 m - a ring of wizardry (left claw)
 t - a +1 ring of evasion
 u - the ring "Jiovuntal" (right claw) {+Blink rPois Dex-2 SInv Stlth+}
   (You acquired it on level 6 of the Dungeon)

   [ring of see invisible]

   It affects your dexterity (-2).
   It protects you from poison.
   It lets you see invisible.
   It lets you blink.
   It makes you more stealthy.
 v - an uncursed ring of fire
 G - an uncursed ring of teleportation
Scrolls
 e - 4 scrolls of fear
 g - a scroll of amnesia
 n - 5 scrolls of remove curse
 s - a scroll of magic mapping
 y - 2 scrolls of enchant weapon
 A - 2 scrolls of teleportation
 B - a scroll of identify
Potions
 f - 2 potions of might
 j - 3 potions of brilliance
 k - a potion of cancellation
 l - 3 potions of curing
 p - 3 potions of mutation
 C - 2 potions of heal wounds
Books
 c - a book of Changes

   Spells                             Type                      Level
   a - Beastly Appendage              Transmutation                1
   b - Sticks to Snakes               Transmutation                2
   c - Spider Form                    Transmutation/Poison         3
   d - Ice Form                       Ice/Transmutation            4
   e - Blade Hands                    Transmutation                5
 i - a book of Maledictions

   Spells                             Type                      Level
   a - Corona                         Hexes                        1
   b - Ensorcelled Hibernation        Hexes/Ice                    2
   c - Confuse                        Hexes                        3
   d - Tukima's Dance                 Hexes                        3
   e - Dazzling Spray                 Conjuration/Hexes            3
Comestibles
 d - 6 bread rations
 o - 14 royal jellies
 q - 7 meat rations
 z - 4 fruits


   Skills:
 - Level 0.7(0.1) Fighting
 - Level 1.5(1.0) Dodging
 + Level 16.1(15.3) Unarmed Combat
 - Level 1.2(0.6) Spellcasting
 - Level 1.3(0.8) Transmutations


You had 4 spell levels left.
You knew the following spells:

 Your Spells              Type           Power        Failure   Level  Hunger
a - Spider Form           Tmut/Pois      #.........   38%         3    ####...
b - Ice Form              Ice/Tmut       #.......     77%         4    #####..


Dungeon Overview and Level Annotations

Branches:
Dungeon (9/15)             Temple (0/1) D:4             Orc (0/2) D:9
   Lair: D:8-11

Altars:
Fedhas
Kikubaaqudgha
Ru
Sif Muna
Xom
The Shining One

Shops:
D:4 (   D:5 *   D:8 [   D:9 }


Innate Abilities, Weirdness & Mutations

You are too large for most types of armour.
You have claws for hands.
You are clumsy. (Dex -2)
Your metabolism is lightning-fast.
You like to eat raw meat.
Your natural rate of healing is unusually fast.
You are covered in fur. (AC +1)
You have very tough skin. (AC +2)
You cannot study or use magical devices.
You are somewhat inexperienced. (-2 XL)
You have large cloven feet.
You have a pair of small horns on your head.
You can translocate small distances at will.
[You are very dopey. (Int -4)]
[You are very frail. (-20% HP)]
[You are sometimes teleported next to monsters.]
[You expend magic power (3 MP) to strengthen your wands.]


Message History

You feel your magical essence link to your wands.
The lich begins to cast a spell, but is stunned by your will!
The lich touches you.
The wretched star pulses with an eldritch light!
You feel weirdly uncertain.
You feel even more weirdly uncertain. The lich touches you!
The lich touches you but does no damage.
You turn to flesh and can move again.
Unknown command.
Unknown command.
You claw the lich! Your kick misses the lich. Your claw misses the lich.
The lich is lightly damaged.
The lich touches you.
You feel drained.
You barely miss the lich. You kick the lich, but do no damage.
The lich is lightly damaged.
The lich casts a spell at you. The bolt of acid hits you!
* * * LOW HITPOINT WARNING * * *
You are splashed with acid!
The acid burns!
You die...

.... ███
███.. .██
...███.. ...
.███ .█ █ ██.
...██. █ █..
███.█.███. .█
...█.....█ .█
█
...█......██
.█. .
██...█.███..
. █
█....█.██.█
.█.
██....@L.█
█...██.██*..█
. .█.... .███
████...█..
.█...... █.█.
.█.█ █ . .█..
██...


You could see a lich and a wretched star.

Vanquished Creatures
  A two-headed ogre (D:8)
  A thrashing horror (Abyss:1)
  The ghost of derval the Grappler, a novice BaMo of Cheibriados (D:5)
  2 trolls (D:9)
  Grinder (D:5)
  A hippogriff (D:9)
  A large abomination (Abyss:1)
  A wraith (Abyss:1)
  Edmund (D:5)
  Duvessa (D:6)
  An ice beast (D:9)
  3 orc warriors
  3 sky beasts
  An ogre (D:9)
  A crocodile (Sewer)
  7 centaurs
  A big kobold (D:8)
  3 bullfrogs
  A gnoll sergeant (D:9)
  Dowan (D:6)
  2 scorpions
  A small abomination (Abyss:1)
  10 killer bees (D:9)
  18 wights
  A howler monkey (D:8)
  A bullfrog zombie (D:5)
  6 crimson imps
  A centaur zombie (D:9)
  2 quasits
  4 jellies
  5 hounds
  9 orc priests
  14 orc wizards
  4 worker ants
  Natasha (thrice) (D:2)
  3 iguanas
  A killer bee zombie (D:9)
  A hound skeleton (D:7)
  2 hound zombies
  2 gnolls (D:9)
  9 adders
  2 river rats (D:4)
  A shadow imp (D:8)
  An ufetubus (Abyss:1)
  7 oozes
  An adder zombie (D:5)
  An adder skeleton (D:4)
  2 worms (D:2)
  2 dart slugs (D:1)
  3 leopard geckos
  51 orcs
  4 ball pythons
  5 giant cockroaches
  16 goblins
  7 hobgoblins
  11 jackals
  10 kobolds
  5 quokkas
  A ball python skeleton (D:4)
  5 bats
  4 frilled lizards
  A leopard gecko skeleton (D:7)
  A leopard gecko zombie (D:6)
  12 rats
285 creatures vanquished.

Notes
Turn   | Place    | Note
-------+----------+-------------------------------------------
     0 | D:1      | nht the Troll Transmuter began the quest for the Orb.
     0 | D:1      | Reached XP level 1. HP: 18/18 MP: 1/1
    91 | D:1      | Reached XP level 2. HP: 26/26 MP: 2/2
   315 | D:1      | Reached skill level 4 in Unarmed Combat
   489 | D:1      | Reached XP level 3. HP: 30/32 MP: 3/3
   664 | D:2      | Found a blossoming altar of Fedhas.
   737 | D:2      | Noticed a hippogriff
   836 | D:2      | Noticed Natasha
   841 | D:2      | Killed Natasha
   841 | D:2      | Reached skill level 5 in Unarmed Combat
   841 | D:2      | Reached XP level 4. HP: 32/40 MP: 4/4
  1337 | D:2      | Noticed Natasha
  1349 | D:2      | Killed Natasha
  1349 | D:2      | Reached XP level 5. HP: 27/46 MP: 5/5
  1381 | D:2      | Noticed Natasha
  1385 | D:2      | Killed Natasha
  1385 | D:2      | Reached skill level 6 in Unarmed Combat
  1662 | D:3      | Reached XP level 6. HP: 54/54 MP: 6/6
  1707 | D:3      | Found a sacrificial altar of Ru.
  1789 | D:3      | Became a worshipper of Ru the Awakened
  1846 | D:3      | Reached skill level 7 in Unarmed Combat
  2139 | D:3      | Found an ancient bone altar of Kikubaaqudgha.
  2193 | D:4      | Found a shimmering altar of Xom.
  2214 | D:4      | Found Meriocoe's Weapon Boutique.
  2329 | D:4      | Learned a level 3 spell: Spider Form
  2334 | D:4      | Learned a level 4 spell: Ice Form
  2382 | D:4      | Found a staircase to the Ecumenical Temple.
  2507 | D:4      | Reached skill level 8 in Unarmed Combat
  2515 | D:4      | Reached XP level 7. HP: 61/61 MP: 7/7
  2630 | D:4      | Found a glowing drain.
  2655 | Sewer    | Entered a sewer
  2727 | Sewer    | Gained mutation: You cannot study or use magical devices. [Ru sacrifice]
  2727 | Sewer    | Reached * piety under Ru
  2727 | Sewer    | Reached ** piety under Ru
  3011 | D:5      | Entered Level 5 of the Dungeon
  3013 | D:5      | Reached skill level 9 in Unarmed Combat
  3070 | D:5      | Noticed derval's ghost (novice BaMo)
  3088 | D:5      | Killed derval's ghost
  3088 | D:5      | Reached XP level 8. HP: 52/68 MP: 8/8
  3419 | D:5      | Found Nuppu's Assorted Antiques.
  3420 | D:5      | Reached skill level 10 in Unarmed Combat
  3428 | D:5      | Bought a smoky cyan potion for 22 gold pieces
  3428 | D:5      | Bought a potion of lignification for 75 gold pieces
  3487 | D:5      | Noticed Edmund
  3509 | D:5      | Killed Edmund
  3733 | D:5      | Noticed Grinder
  3748 | D:5      | Paralysed by Grinder for 7 turns
  3757 | D:5      | Killed Grinder
  3965 | D:6      | Reached skill level 11 in Unarmed Combat
  4175 | D:6      | Noticed Dowan
  4176 | D:6      | Noticed Duvessa
  4188 | D:6      | Killed Duvessa
  4196 | D:6      | Killed Dowan
  4313 | D:6      | Got a bloodstained cloak
  4319 | D:6      | Identified the +1 cloak "Makleuro" {Str+4 Stlth+} (You found it on level 6 of the Dungeon)
  4352 | D:6      | Reached XP level 9. HP: 26/75 MP: 9/9
  4354 | D:6      | Reached skill level 12 in Unarmed Combat
  4358 | D:6      | Identified a scroll of acquirement
  4359 | D:6      | Got a pitted jade ring
  4360 | D:6      | Identified the ring "Jiovuntal" {+Blink rPois Dex-2 SInv Stlth+} (You acquired it on level 6 of the Dungeon)
  5022 | D:7      | Gained mutation: You are clumsy. (Dex -2) [Ru sacrifice]
  5022 | D:7      | Reached *** piety under Ru
  5910 | D:7      | Got a twisted mace
  5918 | D:8      | Found Zoiwn's Armour Boutique.
  5947 | D:8      | Gained mutation: You can translocate small distances at will. [potion of mutation]
  5947 | D:8      | Gained mutation: You have large cloven feet. [potion of mutation]
  5947 | D:8      | Gained mutation: You have a pair of small horns on your head. [potion of mutation]
  5965 | D:8      | Reached skill level 13 in Unarmed Combat
  6042 | D:8      | Noticed a two-headed ogre
  6049 | D:8      | Killed a two-headed ogre
  6079 | D:8      | Found a glowing golden altar of the Shining One.
  6300 | D:8      | Reached skill level 14 in Unarmed Combat
  6348 | D:8      | Reached XP level 10. HP: 68/83 MP: 10/10
  6619 | D:9      | Gained mutation: You are somewhat inexperienced. (-2 XL) [Ru sacrifice]
  6619 | D:9      | Reached XP level 9. HP: 50/75 MP: 9/9
  6619 | D:9      | Reached XP level 8. HP: 50/68 MP: 8/8
  6619 | D:9      | Reached **** piety under Ru
  6619 | D:9      | Reached ***** piety under Ru
  6794 | D:9      | Found a staircase to the Orcish Mines.
  6799 | D:9      | Noticed a troll
  6815 | D:9      | Killed a troll
  6815 | D:9      | Reached skill level 15 in Unarmed Combat
  6815 | D:9      | Reached XP level 9. HP: 33/75 MP: 9/9
  6939 | D:9      | Found Vanuoq's Gadget Emporium.
  7126 | D:9      | Noticed a troll
  7135 | D:9      | Killed a troll
  7210 | D:9      | Found a deep blue altar of Sif Muna.
  7473 | D:9      | Cast into level 1 of the Abyss (gnoll)
  7536 | Abyss:1  | Noticed a thrashing horror
  7545 | Abyss:1  | Killed a thrashing horror
  7545 | Abyss:1  | Reached skill level 16 in Unarmed Combat
  7545 | Abyss:1  | Reached XP level 10. HP: 79/83 MP: 10/10
  7594 | Abyss:1  | Noticed a lich
  7599 | Abyss:1  | Noticed a wretched star
  7608 | Abyss:1  | Splashed by a lich's acid

Vault maps used:
D:1:      denvon_arrival_hothouse
D:2:      fedhas_altar_2, lightli_corner_chamber, uniq_natasha
D:3:      lemuel_coloured_pillars_altar, lemuel_crystal_altar, first_bread
D:4:      xom_teletrap_fun, minmay_temple_entry_from_below_b,
          portal_sewer_entry_b, serial_shops, shop
D:5:      serial_shops, nicolae_shop_temple_entry_statues_fountains,
          uniq_grinder, uniq_edmund
D:6:      uniq_duvessa
D:8:      nicolae_overflow_crystal_walls, serial_shops, shop
D:9:      kennysheep_mini_moat, hiddenorc2_lemuel, serial_shops,
          kennysheep_mini, corexii_corridor_pit, minmay_item_behind_shaft,
          hangedman_little_slice_of_home
Sewer:    sewer_the_crocodile

Skill      XL: |  1  2  3  4  5  6  7  8  9 |
---------------+----------------------------+-----
Unarmed Combat | 4 5 6 8 9 15 16 | 16.1
Fighting       | |  0.7
Dodging        | |  1.5
Spellcasting   | |  1.2
Transmutations | |  1.3

Action                   |  1- 3 |  4- 6 |  7- 9 | 10-12 || total
-------------------------+-------+-------+-------+-------++-------
Melee: Unarmed           |    84 |   136 |   446 |    52 ||   718
       Punch             |     3 |       |    15 |     4 ||    22
       Kick              |       |       |    36 |     8 ||    44
       Headbutt          |       |       |    18 |     2 ||    20
Invok: Sacrifice Artific |       |       |     1 |       ||     1
       Draw Out Power    |       |       |     1 |     2 ||     3
       Sacrifice Experie |       |       |     1 |       ||     1
       Apocalypse        |       |       |     1 |       ||     1
       Sacrifice Purity  |       |       |     1 |       ||     1
  Use: Scroll            |       |    14 |     6 |       ||    20
       Potion            |       |       |    11 |     1 ||    12
 Stab: Sleeping          |       |     1 |     8 |     1 ||    10
       Invisible         |       |       |     1 |       ||     1
       Distracted        |       |       |     1 |     1 ||     2
  Eat: Chunk             |    13 |    15 |    43 |     3 ||    74
Armor: Robe              |    26 |    35 |   100 |     9 ||   170
       Skin              |       |       |    49 |       ||    49
Dodge: Dodged            |    40 |    51 |   160 |    18 ||   269
